 Dungeon Crawl Stone Soup version 0.25-a0-786-g5b70d41e48 (webtiles) character file.

Game seed: 2731226888080790256, levelgen mode: deterministic

283 Astera the Slinger (level 6, 0/41 HPs)
             Began as a Halfling Hunter on Apr 18, 2020.
             Succumbed to a scorpion's poison
             ... on level 5 of the Dungeon.
             The game lasted 00:18:28 (4182 turns).

Astera the Slinger (Halfling Hunter)                Turns: 4182, Time: 00:18:29

Health: 0/41       AC:  3    Str: 18    XL:     6   Next: 54%
Magic:  6/6        EV: 12    Int:  9    God:
Gold:   198        SH: 10    Dex: 19    Spells: 5/5 levels left

rFire    + + +     SeeInvis .   b - +0 short sword
rCold    x . .     Gourm    .   t - +2 kite shield of Card Tricks {rF+++ rC- Str+5 Dex+2}
rNeg     . . .     Faith    .   c - +0 leather armour
rPois    .         Spirit   .   (no helmet)
rElec    .         Reflect  .   (no cloak)
rCorr    .         Harm     .   (no gloves)
MR       .....                  (no boots)
Stlth    ++........             (no amulet)
HPRegen  0.13/turn              (no ring)
MPRegen  0.10/turn              (no ring)

@: lethally poisoned (0 -> -10)
A: small, mutation resistance 1
a: no special abilities


You were on level 5 of the Dungeon.
You were hungry.

You visited 1 branch of the dungeon, and saw 5 of its levels.

You collected 198 gold pieces.

Inventory:

Hand Weapons
 a - a +2 hunting sling
 b - a +0 short sword (weapon)
Missiles
 e - 41 sling bullets
 g - 35 stones (quivered)
 n - 3 curare-tipped darts
Armour
 c - a +0 leather armour (worn)
 q - a +1 buckler
 t - the +2 kite shield of Card Tricks (worn) {rF+++ rC- Str+5 Dex+2}
   (You found it on level 5 of the Dungeon)

   It affects your strength (+5).
   It affects your dexterity (+2).
   It renders you almost immune to fire.
   It makes you vulnerable to cold.
Wands
 o - a wand of digging (6)
Scrolls
 h - 2 scrolls of identify
 i - 2 scrolls of enchant armour
 j - a scroll of noise {unknown}
 l - 3 scrolls of remove curse
 m - a scroll of blinking
Potions
 d - 2 potions of heal wounds
 k - a potion of curing {unknown}
 p - 2 potions of resistance {unknown}
 r - a potion of berserk rage
 s - a potion of flight
 u - 2 potions of ambrosia
Comestibles
 f - 9 rations


   Skills:
 + Level 2.6 Fighting
 + Level 1.0 Short Blades
 + Level 9.1 Slings
 + Level 1.8 Armour
 + Level 2.7 Dodging
 + Level 1.2 Stealth
 + Level 0.3 Shields


You had 5 spell levels left.
You didn't know any spells.
Your spell library was empty.

Dungeon Overview and Level Annotations

Branches:
Dungeon (5/15)
 Temple: D:4-7

Altars:
Elyvilon
Makhleb
The Shining One

Shops:
D:4 %

Annotations:
D:3 2 transporters, omer1ben's ghost, amateur DrFE


Innate Abilities, Weirdness & Mutations

You are small and have problems with some larger weapons.
You are somewhat resistant to further mutation.


Message History

The scorpion stings you!
* * * LOW HITPOINT WARNING * * *
You are lethally poisoned!
The scorpion poisons you!
* * * LOW HITPOINT WARNING * * *
You feel sick.
You hit the scorpion but do no damage.
The scorpion is severely wounded.
* * * LOW HITPOINT WARNING * * *
You feel sick. The scorpion barely misses you. The scorpion misses you.
* * * LOW HITPOINT WARNING * * *
You feel sick.
* * * LOW HITPOINT WARNING * * *
You feel sick.
There is an open door here.
* * * LOW HITPOINT WARNING * * *
You feel sick.
You hit the scorpion but do no damage.
The scorpion is severely wounded.
You die...

### ###
#.######.##
#♣.♣♣#....(....(
#...♣#..<####...
#.♣.@s.###
#...♣### #♣.♣♣
###


You could see a scorpion.

Vanquished Creatures
  An orc priest (D:4)
  2 worker ants (D:4)
  3 orc wizards (D:4)
  A gnoll (D:1)
  3 adders
  5 worms
  A dart slug (D:1)
  4 leopard geckos
  10 orcs
  4 giant cockroaches
  4 hobgoblins
  2 jackals (D:1)
  9 kobolds
  A ball python (D:3)
  3 bats
  3 frilled lizards
  6 goblins
  7 rats
69 creatures vanquished.

Vanquished Creatures (others)
  A bat (D:3)
  A frilled lizard (D:3)
  A rat (D:3)
3 creatures vanquished.

Grand Total: 72 creatures vanquished

Notes
Turn   | Place    | Note
-------+----------+-------------------------------------------
     0 | D:1      | Astera the Halfling Hunter began the quest for the Orb.
     0 | D:1      | Reached XP level 1. HP: 14/14 MP: 1/1
    11 | D:1      | Reached skill level 6 in Slings
    22 | D:1      | Reached XP level 2. HP: 18/19 MP: 2/2
   133 | D:1      | Reached skill level 7 in Slings
   133 | D:1      | Reached XP level 3. HP: 24/24 MP: 3/3
  1104 | D:2      | Found a burning altar of Makhleb.
  1190 | D:2      | Reached XP level 4. HP: 29/29 MP: 4/4
  1748 | D:3      | Found a white marble altar of Elyvilon.
  1790 | D:3      | Found a transporter.
  1884 | D:3      | Found a transporter.
  1884 | D:3      | Noticed omer1ben's ghost (amateur DrFE)
  2319 | D:3      | Reached skill level 8 in Slings
  2319 | D:3      | Reached XP level 5. HP: 34/34 MP: 5/5
  2877 | D:4      | Reached skill level 1 in Armour
  2964 | D:4      | Found Uqihex's Food Shoppe.
  3047 | D:4      | Reached XP level 6. HP: 19/41 MP: 6/6
  3734 | D:4      | Reached skill level 9 in Slings
  3763 | D:4      | Reached skill level 1 in Short Blades
  4023 | D:5      | Entered Level 5 of the Dungeon
  4036 | D:5      | Found a glowing golden altar of the Shining One.
  4047 | D:5      | Got an ancient kite shield
  4058 | D:5      | Identified the +2 kite shield of Card Tricks {rF+++ rC-
                  | Str+5 Dex+2} (You found it on level 5 of the Dungeon)
  4059 | D:5      | Noticed a phantom
  4180 | D:5      | HP: 2/41 [poisoned by a scorpion]
  4182 | D:5      | Succumbed to a scorpion's poison

Levels and vault maps discovered:
D:1:      dpeg_arrival_stonehenge_12_columns, layout_basic, dk_noncrumbling_2
D:2:      layout_loops_ring, bloody_makhleb, chequers_serial_rivers_small_b
D:3:      kennysheep_big_flooded_room, layout_basic, gammafunk_ghost_arena,
          elyvilon_altar_4
D:4:      layout_loops_corners, serial_shops, shop, first_ration,
          kennysheep_generic_room_6
D:5:      layout_basic, serial_shops, nicolae_shop_behind_doors, shop,
          nicolae_shop_trees, nicolae_shop_window_shopping, basic_altar,
          moated_statue, chequers_arboretum

Skill      XL: |  1  2  3  4  5  6 |
---------------+-------------------+-----
Slings         | 6 7 8 9 |  9.1
Fighting       | 2 |  2.6
Armour         | 1 |  1.8
Short Blades   | 1 |  1.0
Dodging        | |  2.7
Stealth        | |  1.2
Shields        | |  0.3

Action                   |  1- 3 |  4- 6 || total
-------------------------+-------+-------++-------
Melee: Short sword       |    25 |    60 ||    85
 Fire: Hunting sling     |    68 |   122 ||   190
  Use: Scroll            |       |    12 ||    12
       Potion            |       |     1 ||     1
  Eat: Chunk             |       |     9 ||     9
Armor: Leather armour    |     6 |     8 ||    14
       Skin              |       |    15 ||    15
Dodge: Dodged            |    28 |    27 ||    55
Block: Buckler           |       |    15 ||    15
       Kite shield       |       |    11 ||    11

Table legend:
 A = Non-vault XP
 B = Vault XP
 C = Vault XP percentage of total XP
 D = Non-vault monster count
 E = Vault monster count
 F = Vault count percentage of total count
                 A         B        C        D         E       F
            +---------+---------+-------+---------+---------+-------
      Total |     385 |      20 |   4.9 |      66 |       3 |   4.3
            +---------+---------+-------+---------+---------+-------
        D:1 |      55 |       0 |   0.0 |      23 |       0 |   0.0
        D:2 |      19 |       0 |   0.0 |       8 |       0 |   0.0
        D:3 |      62 |       6 |   8.8 |      19 |       2 |   9.5
        D:4 |     249 |      14 |   5.3 |      16 |       1 |   5.9
            +---------+---------+-------+---------+---------+-------
